 Seeded DCSS version 0.30-a0-368-g86fb4627a9 (webtiles) character file.

Game seed: 4866231847754521613 (custom seed)

527 purpskrrrp the Magician (level 7, 0/54 HPs)
             Began as a Deep Elf Conjurer on Nov 18, 2022.
             Succumbed to Duvessa's poison
             ... on level 4 of the Dungeon.
             The game lasted 00:12:33 (4286 turns).

purpskrrrp the Magician (Deep Elf Conjurer)         Turns: 4286, Time: 00:12:33

Health: 0/54       AC: 23    Str:  2    XL:     7   Next: 3%
Magic:  10/20      EV:  2    Int: 30    God:
Gold:   280        SH:  0    Dex: 13    Spells: 11/21 levels left

rFire   . . .      SeeInvis +    m - staff of conjuration
rCold   . . .      Faith    .    (no shield)
rNeg    . . .      Spirit   .    (body armour currently unavailable)
rPois   +          Reflect  .    (helmet currently unavailable)
rElec   .          Harm     .    (cloak currently unavailable)
rCorr   .          Rampage  .    (gloves currently unavailable)
Will    .....      NoTele   +    (boots currently unavailable)
Stlth   ++........               (no amulet)
HPRegen 0.29/turn                k - ring of see invisible
MPRegen 0.17/turn                q - ring of Nihilism {Wiz Int+5}

@: lethally poisoned (0 -> -4), tree-form
A: stationary, stasis, torment immunity, boosted hp, (fire resistance 1), weak
1, wild magic 1
a: no special abilities


You were on level 4 of the Dungeon.
You were a tree.
You visited 1 branch of the dungeon, and saw 4 of its levels.

You collected 280 gold pieces.

Inventory:

Hand Weapons
 i - a +0 great mace
Armour
 a - a +2 robe (melded)
Magical Staves
 m - a staff of conjuration (weapon)
Jewellery
 j - a ring of ice
 k - a ring of see invisible (left branch)
 q - the ring of Nihilism (right branch) {Wiz Int+5}
   (You acquired it on level 2 of the Dungeon)

   [ring of wizardry]

   It improves your spell success rate.
   Int:       It affects your intelligence (+5).
Wands
 r - a wand of flame (15)
Scrolls
 f - 4 scrolls of teleportation
 h - a scroll of magic mapping
 t - a scroll of brand weapon
Potions
 b - a potion of magic
 c - a potion of resistance {unknown}
 d - 2 potions of degeneration
 e - a potion of invisibility {unknown}
 g - 2 potions of haste {unknown}
 l - 2 potions of lignification
 n - 2 potions of attraction


   Skills:
 - Level 2.4 Dodging
 - Level 2.4 Stealth
 * Level 7.7 Spellcasting
 + Level 6.0 Conjurations
 + Level 3.3 Evocations


You had 11 spell levels left.
You knew the following spells:

 Your Spells              Type           Power      Damage    Failure   Level
a - Magic Dart            Conj           100%       1d8       1%          1
b - Searing Ray           Conj           100%       2d8       1%          2
c - Dazzling Flash        Conj/Hex       100%       N/A       2%          3
d - Fulminant Prism       Conj/Hex       27%        3d14      8%          4

Your spell library contained the following spells:

 Spells                   Type           Power      Damage    Failure   Level
 Gell's Gravitas          Tloc           15%        N/A       8%          3
 Lesser Beckoning         Tloc           30%        N/A       8%          3
 Teleport Other           Tloc           15%        N/A       8%          3
 Iskenderun's Mystic Bla  Conj/Tloc      55%        2d12      8%          4
 Animate Armour           Summ/Erth      30%        N/A       22%         4
 Blade Hands              Tmut           7%         N/A       50%         5
 Iron Shot                Conj/Erth      27%        9d6       65%         6


Dungeon Overview and Level Annotations

Branches:
Dungeon (4/15)
 Temple: D:4-7

Altars:
Hepliaklqana

Annotations:
D:4 Duvessa


Innate Abilities, Weirdness & Mutations

You are a tree.
Your roots penetrate the ground, keeping you stationary.
You cannot be teleported.
You are immune to unholy pain and torment.
Your maximum health is greatly increased.
Your equipment is partially melded.
((Your flesh is heat resistant. (rF+)))
You are weak. (Str -2)
Your spells are a little harder to cast, but a little more powerful.


Message History

Press: ? - help, Shift-Dir - straight line, f - Duvessa
Aim: Duvessa, wielding a +2 short sword of venom and wearing a +0 chain mail (berserk, 90% to hit)
You feel a surge of power!
The searing ray misses Duvessa. (Press . to maintain the ray.)
The searing ray hits Duvessa.
Duvessa is lightly wounded.
Duvessa rages.
The searing ray misses Duvessa.
Duvessa barely misses you.
The searing ray hits Duvessa.
Duvessa is lightly wounded.
You finish channelling your searing ray.
Duvessa hits you with a +2 short sword of venom!
Duvessa hits you with a +2 short sword of venom.
You are poisoned.
Okay, then.
Casting: Searing Ray (safe; 1% risk of failure)
Confirm with . or Enter, or press ? or * to list all spells.
Aiming: Searing Ray (safe; 1% risk of failure)
Press: ? - help, Shift-Dir - straight line, f/p - Duvessa
Aim: Duvessa, wielding a +2 short sword of venom and wearing a +0 chain mail (lightly wounded, berserk, 90% to hit)
You feel a surge of power!
The searing ray misses Duvessa. (Press . to maintain the ray.)
You feel very sick.
Duvessa hits you with a +2 short sword of venom!
* * * LOW HITPOINT WARNING * * *
You feel better. Duvessa barely misses you. Duvessa misses you.
Really quaff the potion of lignification?
You turn into a tree.
Your +2 robe melds into your body.
Your roots penetrate the ground.
Duvessa hits you but does no damage.
You are poisoned.
You barely miss Duvessa.
Duvessa is lightly wounded.
You feel very sick.
Duvessa hits you with a +2 short sword of venom!
* * * LOW HITPOINT WARNING * * *
Duvessa hits you with a +2 short sword of venom!
* * * LOW HITPOINT WARNING * * *
You hit Duvessa but do no damage.
Duvessa is lightly wounded.
You die...

..##.#.#.....####.####......#
.....#.####.......# #...#####
######.####..###### #...#
#.......# #...# ##########.##
#...# ........##.#### #.÷.#
......).......######...#######
.........#..#................#
...............♣e...........##
............#..............##
..........###.######...######
..........###.# #...###..##
##............# #.........#
########.##### #...###.#.# #
##......# #>[e# #.# .. #
#...##### #.... ).# ..
.##.#.#.# ###.# ..# .


You could see Duvessa (berserk).

Vanquished Creatures
  Grinder (D:4)
  Dowan (D:4)
  A jelly (D:4)
  An orc wizard (D:3)
  An iguana (D:2)
  Natasha (thrice) (D:4)
  5 adders
  3 dart slugs
  9 orcs
  8 endoplasms
  2 giant cockroaches (D:3)
  7 goblins
  7 hobgoblins
  4 jackals (D:1)
  7 kobolds
  2 quokkas
  5 ball pythons
  10 bats
  A frilled lizard (D:1)
  7 rats
85 creatures vanquished.

Notes
Turn   | Place    | Note
-------+----------+-------------------------------------------
     0 | D:1      | purpskrrrp the Deep Elf Conjurer began the quest for the
                  | Orb.
     0 | D:1      | Reached XP level 1. HP: 10/10 MP: 6/6
   221 | D:1      | Reached XP level 2. HP: 15/15 MP: 0/8
   385 | D:1      | Reached skill level 4 in Spellcasting
   656 | D:1      | Reached XP level 3. HP: 19/19 MP: 6/10
  1039 | D:1      | Identified a scroll of acquirement
  1039 | D:1      | Acquired a staff of conjuration
  1170 | D:2      | Reached skill level 5 in Spellcasting
  1328 | D:2      | Reached skill level 5 in Conjurations
  1328 | D:2      | Reached XP level 4. HP: 24/24 MP: 8/13
  1681 | D:2      | Reached skill level 1 in Evocations
  2008 | D:2      | Acquired the ring of Nihilism {Wiz Int+5}
  2014 | D:2      | Learned a level 2 spell: Searing Ray
  2018 | D:2      | Learned a level 3 spell: Dazzling Flash
  2018 | D:2      | Gained mutation: Your muscles are strong. (Str +4, Int/Dex
                  | -1) [potion of mutation]
  2018 | D:2      | Gained mutation: Your body sometimes deteriorates upon
                  | taking damage. [potion of mutation]
  2018 | D:2      | Lost mutation: Your muscles are strong. (Str +4, Int/Dex
                  | -1) [potion of mutation]
  2019 | D:2      | Lost mutation: Your body sometimes deteriorates upon taking
                  | damage. [potion of mutation]
  2019 | D:2      | Gained mutation: Your flesh is heat resistant. (rF+)
                  | [potion of mutation]
  2019 | D:2      | Gained mutation: You have a pair of small antennae on your
                  | head. [potion of mutation]
  2019 | D:2      | Gained mutation: You are frail. (-10% HP) [potion of
                  | mutation]
  2019 | D:2      | Gained mutation: Your spells are a little harder to cast,
                  | but a little more powerful. [potion of mutation]
  2063 | D:3      | Found a faded altar of an unknown god.
  2707 | D:3      | Found a hazy altar of Hepliaklqana.
  3337 | D:3      | Reached XP level 5. HP: 4/25 MP: 2/15
  3577 | D:3      | Learned a level 4 spell: Fulminant Prism
  3577 | D:3      | Lost mutation: You have a pair of small antennae on your
                  | head. [potion of mutation]
  3577 | D:3      | Lost mutation: You are frail. (-10% HP) [potion of
                  | mutation]
  3577 | D:3      | Gained mutation: You are weak. (Str -2) [potion of
                  | mutation]
  3590 | D:4      | Noticed Natasha
  3596 | D:4      | Killed Natasha
  3597 | D:4      | Reached skill level 6 in Spellcasting
  3705 | D:4      | Noticed Natasha
  3711 | D:4      | Killed Natasha
  3773 | D:4      | Noticed Natasha
  3777 | D:4      | Killed Natasha
  3979 | D:4      | Noticed Grinder
  3980 | D:4      | Paralysed by Grinder for 5 turns
  3991 | D:4      | Killed Grinder
  3992 | D:4      | Reached skill level 7 in Spellcasting
  3992 | D:4      | Reached XP level 6. HP: 32/32 MP: 7/18
  4257 | D:4      | Noticed Dowan
  4262 | D:4      | Killed Dowan
  4263 | D:4      | Reached XP level 7. HP: 29/36 MP: 12/20
  4273 | D:4      | Noticed Duvessa
  4285 | D:4      | HP: 1/54 [Duvessa/+2 short sword of venom (8)]
  4286 | D:4      | Succumbed to Duvessa's poison

Illustrated notes

Levels and vault maps discovered:
D:1:      dpeg_arrival_arbitrary_c, layout_basic
D:2:      layout_loops_ring, kennysheep_minor_cross
D:3:      minmay_chambers_of_twos, layout_loops_ring, overflow_temple_1_default,
          ebering_ecumenical_altar_petrified
D:4:      layout_loops_cross, gammafunk_temple_overflow_elements, dk_vineyard_3,
          uniq_grinder, uniq_natasha, uniq_duvessa

Skill      XL: |  1  2  3  4  5  6 |
---------------+-------------------+-----
Spellcasting   | 4 5 7 |  7.7
Conjurations   | 5 6 |  6.0
Evocations     | 1 3 |  3.3
Dodging        | |  2.4
Stealth        | |  2.4

Action                   |  1- 3 |  4- 6 |  7- 9 || total
-------------------------+-------+-------+-------++-------
Melee: Unarmed           |    12 |       |       ||    12
       Great mace        |    15 |       |       ||    15
       Staff             |     4 |    25 |     2 ||    31
 Cast: Magic Dart        |    63 |    89 |       ||   152
       Searing Ray       |       |    13 |     2 ||    15
  Use: Scroll            |     1 |    14 |       ||    15
       Potion            |       |     3 |     2 ||     5
Armor: Robe              |    13 |     8 |       ||    21
       Skin              |       |       |     1 ||     1
Dodge: Dodged            |    25 |    26 |     3 ||    54

Table legend: (Time is in decaauts)
 A = Elapsed time spent in this place.
 B = Non-inter-level travel time spent in this place.
 C = Inter-level travel time spent in this place.
 D = Time resting spent in this place.
 E = Time spent auto-exploring this place.
 F = Levels seen in this place.
 G = Mean time per level.
                   A        B        C        D        E       F      G
               +--------+--------+--------+--------+--------+-----+--------+
         Total |   4298 |   3969 |    329 |    786 |   2650 |   4 | 1074.5 |
       Dungeon |   4298 |   3969 |    329 |    786 |   2650 |   4 | 1074.5 |
               +--------+--------+--------+--------+--------+-----+--------+

Top non-repeatable levels by time:
     D:3: 1536 daAuts
     D:1: 1118 daAuts
     D:2: 947 daAuts
     D:4: 696 daAuts
